 Dungeon Crawl Stone Soup version 0.30.1-9-gdf580d7c3d (webtiles) character file.

Game seed: 2638891106726084618

61 Cheops the Conjurer (level 4, -1/36 HPs)
             Began as a Naga Fire Elementalist on Sept 29, 2023.
             Slain by a goblin
             ... wielding a +0 dagger
             ... led by Robin
              (2 damage)
             ... on level 2 of the Dungeon.
             The game lasted 00:08:51 (1492 turns).

Cheops the Conjurer (Naga Fire Elementalist)        Turns: 1492, Time: 00:08:51

Health: -1/36      AC:  2    Str: 10    XL:     4   Next: 7%
Magic:  7/7        EV:  9    Int: 18    God:
Gold:   29         SH:  0    Dex: 11    Spells: 1/7 levels left

rFire   . . .        a - +4 long sword
rCold   . . .        (no shield)
rNeg    . . .        j - +0 robe
rPois   +            (no helmet)
rElec   .            (no cloak)
rCorr   .            (no gloves)
SInv    +            (no barding)
Will    .....        (no amulet)
Stlth   ++           (no ring)
HPRegen 0.26/turn    (no ring)
MPRegen 0.10/turn

%: no passive effects
@: very slow
A: AC +1, large, see invisible, deformed body, poison resistance, slowness 2,
spit poison 1, naga tail 1
a: Spit Poison


You were on level 2 of the Dungeon.
You visited 1 branch of the dungeon, and saw 2 of its levels.

You collected 55 gold pieces.
You spent 26 gold pieces at shops.

Inventory:

Hand Weapons
 a - a +4 long sword (weapon)
 n - a +0 dagger of draining
 p - a +3 dagger
Armour
 j - a +0 robe (worn)
Scrolls
 g - 3 scrolls of identify
 i - 2 scrolls of amnesia {unknown}
 k - a scroll of enchant weapon {unknown}
 l - a scroll of fear {unknown}
 m - a scroll of teleportation {unknown}
Potions
 b - 3 potions of magic
 c - a potion of brilliance {unknown}
 d - a potion of mutation {unknown}
 e - a potion of curing {unknown}
 f - a potion of flight {unknown}
 h - a potion of degeneration {unknown}
 o - a potion of haste {unknown}


   Skills:
 - Level 1.5 Dodging
 - Level 3.0 Stealth
 - Level 2.0 Spellcasting
 + Level 3.8 Conjurations
 - Level 3.0 Fire Magic


You had one spell level left.
You knew the following spells:

 Your Spells              Type           Power      Damage    Failure   Level
a - Foxfire               Conj/Fire      56%        2x1d6     4%          1
s - Scorch                Fire           24%        2d6       8%          2
v - Volatile Blastmotes   Fire/Tloc      14%        2d11      28%         3

Your spell library contained the following spells:

 Spells                   Type           Power      Damage    Failure   Level
 Apportation              Tloc           2%         N/A       19%         1
 Freeze                   Ice            4%         1d3       19%         1
 Necrotise                Necr           4%         1d4       19%         1
 Summon Small Mammal      Summ           4%         N/A       19%         1
 Hailstorm                Conj/Ice       8%         3d4       26%         3
 Inner Flame              Hex/Fire       7%         N/A       28%         3
 Flame Wave               Conj/Fire      14%        2d6       41%         4
 Frozen Ramparts          Ice            2%         1d1       47%         3
 Portal Projectile        Hex/Tloc       2%         N/A       47%         3
 Tukima's Dance           Hex            1%         N/A       47%         3
 Blade Hands              Tmut           0%         N/A       99%         5


Dungeon Overview and Level Annotations

Branches:
Dungeon (2/15)

Altars:

Shops:
D:2 ?*

Annotations:
D:2 exclusion: hobgoblin, Robin


Innate Abilities, Weirdness & Mutations

Your serpentine skin is tough. (AC +1)
You have supernaturally acute eyesight. (SInv)
Armour fits poorly on your strangely shaped body.
Your system is resistant to poisons. (rPois)
You cover ground very slowly.
You can spit poison.
You have a snake-like lower body.


Message History

The hobgoblin completely misses you.
Robin's bangles clink loudly.
Things that are here:
a +0 club; a goblin corpse The hobgoblin attacks as you move away!
The hobgoblin hits you. The hobgoblin barely misses you.
The hobgoblin attacks as you move away! The hobgoblin hits you.
Robin throws the goblin at you! The goblin hits you with a +0 club.
The hobgoblin attacks as you move away! The hobgoblin barely misses you.
The goblin hits you with a +0 club. Robin throws the goblin at you!
The goblin attacks as you move away! The goblin closely misses you.
The goblin hits you with a +0 club.
* * * LOW HITPOINT WARNING * * *
The goblin attacks as you move away! The goblin hits you with a +0 club.
* * * LOW HITPOINT WARNING * * *
The goblin no longer looks unusually strong.
The goblin no longer looks unusually strong.
The goblin hits you with a +0 club.
* * * LOW HITPOINT WARNING * * *
The goblin attacks as you move away! The goblin hits you with a +0 club.
* * * LOW HITPOINT WARNING * * *
Found 3 boomerangs.
The goblin closely misses you. The goblin attacks as you move away!
The goblin barely misses you. The goblin attacks as you move away!
The goblin hits you with a +0 dagger.
* * * LOW HITPOINT WARNING * * *
The hobgoblin no longer looks unusually strong.
The goblin hits you with a +0 club.
* * * LOW HITPOINT WARNING * * *
The goblin closely misses you. The goblin attacks as you move away!
The goblin hits you with a +0 dagger.
* * * LOW HITPOINT WARNING * * *
The goblin attacks as you move away! The goblin hits you with a +0 club.
* * * LOW HITPOINT WARNING * * *
The goblin barely misses you.
There is a stone staircase leading up here.
The goblin hits you with a +0 club.
* * * LOW HITPOINT WARNING * * *
The goblin hits you with a +0 dagger.
You die...

#.# #....g.... #.##.#
#.###)###. #.##(# #.#
#g# #. #.##.# #.# #.#
#† #.##.# #.# #.# #.
#.##.# #.###g###.
#.##.###..g.g..∩.
######g#...##..##.####
#....@gg.#..g..##.....
#(######gg.###########
##.## #.# #.# ..# ###


You could see 3 hobgoblins and 2 goblins.

Vanquished Creatures
  An adder (D:2)
  A dart slug (D:1)
  3 endoplasms
  7 giant cockroaches
  8 goblins
  4 hobgoblins (D:1)
  2 jackals (D:1)
  5 quokkas
  3 ball pythons (D:1)
  3 bats
  A frilled lizard (D:2)
  2 kobolds (D:1)
  A rat (D:1)
41 creatures vanquished.

Vanquished Creatures (others)
  64 foxfires
64 creatures vanquished.

Grand Total: 105 creatures vanquished

Notes
Turn   | Place    | Note
-------+----------+-------------------------------------------
     0 | D:1      | Cheops the Naga Fire Elementalist began the quest for the
                  | Orb.
     0 | D:1      | Reached XP level 1. HP: 15/15 MP: 3/3
   158 | D:1      | Reached XP level 2. HP: 22/22 MP: 3/5
   408 | D:1      | Learned a level 2 spell: Scorch
   422 | D:1      | Reached XP level 3. HP: 28/28 MP: 1/6
   426 | D:1      | Learned a level 3 spell: Volatile Blastmotes
  1234 | D:2      | Found Muebruuf's Magic Scroll Boutique.
  1251 | D:2      | Bought a scroll of identify for 26 gold pieces
  1296 | D:2      | Found Leaxzy's Assorted Antiques.
  1405 | D:2      | Reached XP level 4. HP: 36/36 MP: 2/7
  1471 | D:2      | Noticed Robin
  1491 | D:2      | HP: 1/36 [goblin/+0 club[Robin] (3)]
  1492 | D:2      | Slain by a goblin

Illustrated notes

Levels and vault maps discovered:
D:1:      sevenhm_arrival_forest_fort_large_2, layout_rooms, minmay_tromino_v4_a
D:2:      layout_loops_ring, serial_shops, shop, shop, minmay_tiny_reverse_x,
          uniq_robin

Skill      XL: |  1  2  3 |
---------------+----------+-----
Conjurations   | 2 3 |  3.8
Dodging        | |  1.5
Stealth        | |  3.0
Spellcasting   | |  2.0
Fire Magic     | |  3.0

Action                     |  1- 3 |  4- 6 || total
---------------------------+-------+-------++-------
  Melee: Unarmed           |    14 |       ||    14
         Long sword        |     3 |     2 ||     5
   Cast: Foxfire           |    36 |       ||    36
         Scorch            |    10 |     1 ||    11
Ability: Spit Poison       |    13 |     1 ||    14
 Armour: Robe              |     5 |     1 ||     6
  Dodge: Dodged            |    22 |     8 ||    30
